Map: Pride of Altaris LE

Players

Warthog - Winner!

  • Race: Terran Terran
  • League: Master
  • Spawn Location: 11:00

BOWTOME

  • Race: Zerg Zerg
  • League: Master
  • Spawn Location: 5:00

VOD

Have the link to the VOD?

Description

Time

  • Played on: Jan. 4, 2022, 5:32 p.m.
  • Length: 14:42
Show
View Real Time Build Order
Export as new Build Order

Warthog Terran - Winner!

Build Orders: Reaper Expand, Mech 

Get SALT Encoding   

  12  0:00  SCV  
  13  0:12  SCV  
  14  0:17  Supply Depot  
  14  0:25  SCV  
  15  0:39  SCV  
  15  0:41  Barracks  
  16  0:43  Refinery  
  16  0:51  SCV  
  17  1:03  SCV  
  18  1:15  SCV  
  19  1:28  Orbital Command  
  19  1:29  Reaper  
  20  1:45  Command Center  
  20  1:52  Supply Depot  
  20  1:56  SCV  
  20  2:01  Marine  
  22  2:08  SCV  
  22  2:11  Factory  
  22  2:14  Refinery  
  23  2:20  SCV  
  24  2:25  Barracks Reactor  
  24  2:30  Bunker  
  24  2:33  SCV  
  25  2:56  Factory Tech Lab  
  25  3:02  Marine x2  
  25  3:04  SCV  
  25  3:05  Starport  
  28  3:11  Orbital Command  
  28  3:17  Cyclone  
  31  3:20  SCV  
  31  3:22  Supply Depot  
  31  3:25  Marine x2  
  34  3:37  SCV  
  35  3:42  Marine  
  35  3:43  Viking, Marine  
  35  3:47  SCV  
  40  3:58  SCV  
  40  4:01  SCV  
  41  4:03  Siege Tank  
  41  4:04  Marine x2  
  45  4:12  SCV  
  46  4:20  Supply Depot  
  46  4:28  Marine x2  
  48  4:32  SCV x2  
  48  4:37  Command Center  
  50  4:42  Refinery  
  50  4:44  SCV x2, Refinery  
  52  4:56  SCV  
  53  5:03  SCV  
  54  5:08  SCV  
  54  5:10  Supply Depot  
  55  5:15  SCV  
  55  5:20  SCV  
  57  5:23  Starport Tech Lab  
  57  5:24  Barracks Tech Lab  
  57  5:25  Supply Depot  
  57  5:27  SCV  
  58  5:32  SCV  
  59  5:39  SCV  
  59  5:41  Factory  
  60  5:43  Armory  
  60  5:45  Armory  
  60  5:47  Factory  
  60  5:49  SCV  
  62  5:50  Orbital Command  
  62  5:56  SCV  
  61  6:05  SCV, Factory  
  61  6:08  Factory, Starport Tech Lab  
  61  6:09  Barracks Reactor  
  61  6:11  SCV  
  63  6:12  Hellion x2, Orbital Command  
  63  6:17  SCV  
  69  6:23  SCV  
  69  6:25  Supply Depot  
  69  6:27  Supply Depot, Refinery  
  69  6:30  Cyclone, Refinery  
  71  6:33  SCV  
  71  6:38  Infernal Pre-Igniter  
  71  6:39  Mag-Field Accelerator  
  72  6:41  Cyclone  
  72  6:45  Hellion  
  77  6:48  Refinery  
  77  6:50  SCV  
  77  6:52  SCV  
  77  6:53  SCV  
  80  7:02  SCV, Hellion  
  80  7:04  Cyclone, Hellion  
  80  7:05  SCV x2  
  80  7:08  Banshee  
  90  7:14  SCV  
  93  7:17  SCV x2  
  91  7:27  Thor, SCV  
  91  7:29  SCV  
  96  7:32  Engineering Bay  
  94  7:43  SCV  
  95  7:54  SCV  
  95  7:55  Thor  
  95  7:56  Thor  
  106  8:01  SCV  
  107  8:05  Missile Turret  
  107  8:06  Missile Turret x2  
  107  8:07  SCV x2  
  107  8:20  SCV  
  107  8:27  SCV x2  
  107  8:32  SCV  
  108  8:39  SCV, Command Center  
  109  9:00  Hellion  
  109  9:03  SCV x2  
  109  9:04  Cyclone x2  
  109  9:08  Terran Vehicle Weapons Level 1  
  109  9:09  Terran Vehicle And Ship Armor Level 1  
  109  9:27  Missile Turret  
  109  9:31  Supply Depot  
  109  9:32  Thor, SCV x2, Drilling Claws  
  117  9:48  Supply Depot x2  
  117  9:49  SCV x2, Widow Mine x3  
  117  9:51  SCV, Widow Mine x2  
  117  9:52  Factory x2  
  130  9:56  Factory  
  114  10:01  SCV x2  
  114  10:03  SCV  
  114  10:04  Cyclone  
  119  10:10  Cyclone, Hellion x2  
  119  10:12  Supply Depot  
  119  10:13  Supply Depot, SCV x2  
  128  10:15  SCV  
  128  10:17  Hellion x3  
  135  10:25  SCV x2  
  135  10:27  Supply Depot, SCV  
  138  10:30  Supply Depot  
  138  10:32  Hellion x2  
  142  10:36  Supply Depot, Hellion  
  142  10:37  SCV x2  
  146  10:44  SCV  
  146  10:45  SCV  
  148  10:59  Factory Tech Lab x3  
  148  11:01  Siege Tank  
  148  11:02  Siege Tank x2  
  148  11:04  Widow Mine  
  157  11:26  SCV x2, Planetary Fortress  
  157  11:27  Refinery  
  157  11:28  Refinery  
  157  11:31  Command Center  
  159  11:33  Thor x2  
  159  11:34  Siege Tank  
  159  11:36  Siege Tank x3  
  181  11:43  Hellion x2  
  180  12:04  SCV x3  
  180  12:06  Siege Tank  
  180  12:08  SCV  
  187  12:10  Terran Vehicle Weapons Level 2, Terran Vehicle And Ship Armor Level 2  
  187  12:11  Siege Tank x2  
  193  12:16  Hellion x2, SCV x2  
  193  12:35  Siege Tank  
  193  12:36  Siege Tank  
  199  13:03  Command Center  
  199  13:08  Command Center  
  199  13:09  Command Center  
  199  13:16  Refinery  
  162  13:34  Siege Tank x2  
  162  13:35  Siege Tank x2  
  162  13:36  Hellion x5  
  181  13:41  Planetary Fortress  
  181  13:46  Missile Turret  
  181  14:05  Siege Tank x2  
  181  14:07  Siege Tank x3  
  181  14:08  Refinery, Missile Turret  
  183  14:13  Refinery  
  183  14:16  Hellion x2  
Show
View Real Time Build Order
Export as new Build Order

BOWTOME Zerg 

Build Orders: Pool First 

Get SALT Encoding   

  12  0:01  Drone  
  13  0:12  Overlord  
  13  0:16  Drone  
  14  0:31  Drone  
  14  0:32  Drone  
  16  0:41  Spawning Pool  
  15  0:44  Drone  
  15  0:48  Drone  
  17  1:11  Drone, Hatchery  
  16  1:14  Extractor  
  16  1:16  Drone  
  17  1:29  Zergling x4  
  19  1:33  Roach Warren  
  19  1:39  Drone  
  19  1:49  Queen  
  21  1:57  Overlord  
  21  2:17  Roach x2  
  21  2:22  Roach  
  27  2:24  Roach  
  29  2:34  Roach  
  31  2:41  Queen  
  31  2:43  Overlord  
  32  3:08  Drone x2  
  32  3:10  Drone x5  
  38  3:28  Metabolic Boost, Drone x3  
  41  3:46  Overlord  
  41  3:50  Overlord  
  41  3:51  Drone  
  41  3:52  Drone x2  
  38  4:03  Drone x5  
  38  4:05  Lair  
  38  4:08  Extractor  
  38  4:14  Drone  
  38  4:15  Drone  
  40  4:21  Zergling x2  
  40  4:22  Zergling x2  
  42  4:27  Drone  
  43  4:34  Extractor  
  43  4:37  Zergling x2  
  43  4:38  Drone x4  
  47  4:43  Drone  
  47  4:44  Drone x3  
  51  4:53  Hatchery  
  51  4:58  Overlord  
  48  5:09  Spire  
  47  5:17  Extractor  
  47  5:18  Drone x3  
  47  5:19  Overlord  
  47  5:20  Overlord  
  49  5:21  Zergling x4  
  49  5:22  Zergling x2  
  52  5:37  Queen  
  54  5:45  Spore Crawler  
  54  5:47  Overlord  
  53  5:53  Drone x2  
  53  5:54  Spore Crawler  
  54  6:01  Overlord  
  54  6:02  Overlord  
  54  6:08  Queen  
  56  6:24  Mutalisk x8  
  71  6:40  Drone  
  71  6:41  Drone x2, Overlord, Evolution Chamber  
  71  6:42  Evolution Chamber  
  71  6:43  Drone x2  
  71  6:44  Drone x8  
  71  6:46  Baneling Nest  
  81  6:49  Queen  
  83  6:59  Zergling x2  
  83  7:00  Zergling x4, Drone  
  83  7:01  Drone x2  
  89  7:04  Drone  
  87  7:29  Zergling x8  
  85  7:41  Overlord  
  85  7:46  Zerg Ground Armor Level 1, Centrifugal Hooks  
  85  7:47  Drone  
  85  7:51  Zergling x16  
  92  8:00  Zergling x4  
  92  8:01  Zerg Flyer Weapons Level 1  
  87  8:31  Zerg Missile Weapons Level 1  
  87  8:32  Glial Reconstitution  
  87  8:37  Drone  
  87  8:38  Hydralisk Den  
  87  8:41  Overlord  
  87  8:43  Overlord  
  87  8:44  Roach x9  
  105  8:50  Drone  
  105  8:51  Hatchery  
  105  8:59  Hatchery  
  95  9:03  Roach  
  95  9:04  Roach x7  
  110  9:13  Drone  
  110  9:15  Roach x5  
  121  9:28  Muscular Augments  
  121  9:31  Baneling x9  
  121  9:33  Overlord x2  
  121  9:43  Zerg Ground Armor Level 2  
  121  9:49  Infestation Pit  
  116  10:00  Roach x11  
  116  10:04  Queen  
  116  10:05  Drone  
  116  10:06  Drone x3  
  144  10:07  Overlord x2  
  144  10:13  Queen  
  146  10:20  Drone, Lurker Den  
  146  10:21  Drone x4  
  150  10:24  Extractor  
  150  10:25  Spore Crawler, Extractor  
  150  10:26  Drone x3  
  150  10:32  Hydralisk x5  
  150  10:33  Hydralisk x2  
  162  10:43  Zerg Missile Weapons Level 2  
  162  10:56  Drone  
  161  11:04  Drone x5  
  162  11:06  Overlord x2  
  162  11:08  Overlord  
  162  11:09  Hive  
  160  11:24  Pathogen Glands  
  160  11:27  Zergling x26  
  160  11:29  Roach x6  
  160  11:30  Roach x2  
  160  11:31  Overlord x2  
  183  11:47  Infestor x2  
  183  11:52  Zergling x8  
  184  12:02  Pneumatized Carapace  
  184  12:12  Roach  
  184  12:13  Roach x4  
  184  12:14  Drone  
  184  12:15  Drone x4  
  187  12:35  Roach  
  187  12:36  Roach x7  
  198  12:41  Infestor  
  198  12:42  Infestor  
  198  12:43  Roach  
  198  12:48  Overlord  
  198  13:02  Drone x2, Extractor  
  198  13:04  Extractor  
  182  13:31  Roach x5  
  123  13:40  Roach x17  
  123  13:41  Roach x6  
  147  13:50  Roach x2  
  151  13:56  Roach x4  
  159  14:07  Roach x4  
  145  14:12  Roach  
  145  14:14  Zergling x12  
  145  14:16  Roach  
  145  14:17  Roach x2  
Tags
 
Add a new tag
Caveats
  • Supply blocks, unpowered buildings, or Contaminate may cause inaccurate times.
  • Supply counts are checked every 10 seconds.